 Dungeon Crawl Stone Soup version 0.31.0-32-g396128a36d (webtiles) character file.

Game seed: 12870000857867717949

219 EonDragon20 the Cudgeller (level 5, -1/24 (30) HPs)
             Began as a Gargoyle Reaver on Mar 15, 2024.
             Was an Initiate of Ashenzari.
             Incinerated by a bombardier beetle (5 damage)
             ... with a burning spray
             ... on level 3 of the Dungeon.
             The game lasted 00:07:11 (2440 turns).

EonDragon20 the Cudgeller (Gargoyle Reaver)         Turns: 2440, Time: 00:07:11

HP:   -1/24 (30)    AC:  8    Str: 15    XL:     5   Next: 96%
MP:   8/8           EV: 11    Int: 16    God:    Ashenzari [......]
Gold: 123           SH:  0    Dex:  8    Spells: 5/8 levels left

rFire   . . .        a - +0 mace
rCold   . . .        (no shield)
rNeg    + . .        b - +0 leather armour
rPois   ∞            i - +0 helmet
rElec   +            (no cloak)
rCorr   .            (no gloves)
SInv    .            (no boots)
Will    .....        (no amulet)
Stlth   +            (no ring)
HPRegen 0.24/turn    (no ring)
MPRegen 0.11/turn

%: no passive effects
@: on fire, glowing, heavily drained
A: sickness immunity, AC +4, negative energy resistance 1, electricity
resistance, torment resistance 1, petrification resistance
a: Renounce Religion


You were on level 3 of the Dungeon.
You worshipped Ashenzari.
Ashenzari was noncommittal.
You visited 1 branch of the dungeon, and saw 3 of its levels.

You collected 123 gold pieces.

Inventory:

Hand Weapons
 a - a +0 mace (weapon)
Armour
 b - a +0 leather armour (worn)
 i - a +0 helmet (worn)
Jewellery
 c - a ring of protection from cold
Scrolls
 d - a scroll of acquirement {unknown}
 e - 2 scrolls of teleportation
Potions
 f - 2 potions of resistance {unknown}
 g - 2 potions of heal wounds
 h - 2 potions of mutation
 j - a potion of haste {unknown}
 k - a potion of brilliance {unknown}


   Skills:
 - Level 2.1 Fighting
 * Level 6.4 Maces & Flails
 - Level 1.5 Dodging
 - Level 2.0 Spellcasting
 - Level 3.2 Conjurations


You had 5 spell levels left.
You knew the following spells:

 Your Spells              Type           Power      Damage    Failure   Level
a - Kiss of Death         Conj/Necr      24%        2d7       13%         1
b - Momentum Strike       Conj/Tloc      12%        3d8       21%         2

Your spell library contained the following spells:

 Spells                   Type           Power      Damage    Failure   Level
 Hailstorm                Conj/Ice       6%         3d5       36%         3


Dungeon Overview and Level Annotations

Branches:
Dungeon (3/15)

Altars:
Ashenzari
Gozag
Hepliaklqana
Makhleb
Qazlal
Ru

Annotations:
D:2 1 runed translucent door, Crazy Yiuf, Sigmund


Innate Abilities, Weirdness & Mutations

You are immune to sickness and miasma.
Your stone body is resilient. (AC +4)
You are immune to poison.
You resist negative energy. (rN+)
You are resistant to electric shocks. (rElec)
You are resistant to unholy torment.
You are immune to petrification.


Message History

You hear the brisk rusting of a very distant drain.
You sock the bombardier beetle!
The bombardier beetle is heavily wounded.
The bombardier beetle bites you but does no damage.
You hit the bombardier beetle.
The bombardier beetle is heavily wounded.
You closely miss the bombardier beetle.
The bombardier beetle is heavily wounded.
The bombardier beetle bites you.
You hit the bombardier beetle but do no damage.
The bombardier beetle is heavily wounded.
The bombardier beetle closely misses you.
You hit the bombardier beetle.
The bombardier beetle is almost dead.
You hit the bombardier beetle but do no damage.
The bombardier beetle is almost dead.
The bombardier beetle barely misses you.
You closely miss the bombardier beetle.
The bombardier beetle is almost dead.
The bombardier beetle sprays incendiary fluid at you.
The burning spray hits you.
You are covered in liquid fire!
You hit the bombardier beetle but do no damage.
The bombardier beetle is almost dead.
The liquid fire burns you!
You barely miss the bombardier beetle.
The bombardier beetle is almost dead.
The liquid fire burns you!
The bombardier beetle bites you but does no damage.
You barely miss the bombardier beetle.
The bombardier beetle is almost dead.
The liquid fire burns you!
The bombardier beetle bites you but does no damage.
You hit the bombardier beetle.
You kill the bombardier beetle!
The liquid fire burns you!
* * * LOW HITPOINT WARNING * * *
You shake off some of the fire as you move.
The liquid fire burns you!
You die...

.......####.##.#.#... #
######.# #..........###....
.. ......# #.###.##.##.#.#.##
... .....# #.##>#.#.###.##†##
#... ..#.###.#.###..######.##
..............## ##........##
.#....#..###.#.###....#######
.B.......# #.##.#.#.#.# #
..#..#...###@###.##.#.#
..........#...#####.#.#
...##...#.....# #.# #
......###...# #.# #..#...
###.# ........ #.# #....#..
#.# ......! ... #..


There were no monsters in sight!

Vanquished Creatures
  A bombardier beetle (D:3)
  Jessica (D:2)
  Natasha (thrice) (D:2)
  2 adders (D:2)
  2 dart slugs
  2 ribbon worms (D:2)
  5 orcs (D:3)
  3 ball pythons
  5 endoplasms
  A giant cockroach (D:2)
  A goblin (D:1)
  3 hobgoblins
  7 kobolds
  2 quokkas (D:2)
  7 bats
  5 frilled lizards
  13 rats
63 creatures vanquished.

Notes
Turn   | Place    | Note
-------+----------+-------------------------------------------
     0 | D:1      | EonDragon20 the Gargoyle Reaver began the quest for the
                  | Orb.
     0 | D:1      | Reached XP level 1. HP: 12/12 MP: 3/3
   171 | D:1      | Reached XP level 2. HP: 17/17 MP: 5/5
   645 | D:2      | Reached skill level 4 in Maces & Flails
   669 | D:2      | Noticed Jessica
   897 | D:2      | Killed Jessica
   898 | D:2      | Reached XP level 3. HP: 20/21 MP: 6/6
   964 | D:2      | Reached XP level 4. HP: 15/26 MP: 7/7
  1161 | D:2      | Reached skill level 5 in Maces & Flails
  1221 | D:2      | Noticed Sigmund
  1221 | D:2      | Noticed Natasha
  1301 | D:1      | Learned a level 2 spell: Momentum Strike
  1407 | D:2      | Found a faded altar of an unknown god.
  1521 | D:2      | Killed Natasha
  1770 | D:2      | Reached XP level 5. HP: 28/28 MP: 8/8
  1776 | D:2      | Noticed Natasha
  1784 | D:2      | Killed Natasha
  1836 | D:2      | Found a runed translucent door.
  1837 | D:2      | Noticed Crazy Yiuf
  1874 | D:2      | Noticed Natasha
  1893 | D:2      | Killed Natasha
  1894 | D:2      | Reached skill level 6 in Maces & Flails
  2227 | D:3      | Found a burning altar of Makhleb.
  2276 | D:3      | Found a broken altar of Ashenzari.
  2279 | D:3      | Found a hazy altar of Hepliaklqana.
  2285 | D:3      | Found a stormy altar of Qazlal.
  2287 | D:3      | Found a sacrificial altar of Ru.
  2289 | D:3      | Found an opulent altar of Gozag.
  2311 | D:3      | Became a worshipper of Ashenzari the Shackled
  2440 | D:3      | Incinerated by a bombardier beetle

Illustrated notes

Levels and vault maps discovered:
D:1:      dpeg_arrival_rooms_c, layout_basic
D:2:      layout_rooms, shapermc_ecumenical_altar_ellora,
          minmay_small_reverse_x, uniq_sigmund, uniq_natasha, uniq_jessica,
          uniq_crazy_yiuf_cottage
D:3:      layout_loops_ring, nicolae_overflow_hallway_of_the_gods,
          cheibrodos_sewer_entry_bend, minmay_misc_feat_more_columns

Skill      XL: |  1  2  3  4  5 |
---------------+----------------+-----
Maces & Flails | 4 5 6 |  6.4
Fighting       | |  2.1
Dodging        | |  1.5
Spellcasting   | |  2.0
Conjurations   | |  3.2

Action                     |  1- 3 |  4- 6 || total
---------------------------+-------+-------++-------
  Melee: Mace              |    68 |   133 ||   201
         Punch             |     1 |       ||     1
   Cast: Kiss of Death     |       |     3 ||     3
    Use: Scroll            |     4 |     2 ||     6
 Armour: Leather armour    |    40 |    94 ||   134
  Dodge: Dodged            |    50 |    99 ||   149
